 Dungeon Crawl Stone Soup version 0.26.1-11-gd32895ea62 (webtiles) character file.

Game seed: 14494209902001485990

1911 Zeld the Cleaver (level 8, -4/64 HPs)
             Began as a Minotaur Berserker on May 24, 2021.
             Was an Elder of Trog.
             Slain by a yak (6 damage)
             ... on level 8 of the Dungeon.
             The game lasted 00:04:46 (5194 turns).

Zeld the Cleaver (Minotaur Berserker)               Turns: 5194, Time: 00:04:47

Health: -4/64      AC: 14    Str: 23    XL:     8   Next: 95%
Magic:  7/7        EV:  7    Int:  4    God:    Trog [****..]
Gold:   150        SH:  0    Dex: 11    Spells: 7/7 levels left

rFire    . . .     SeeInvis .   a - +0 war axe (freeze)
rCold    . . .     Faith    .   (no shield)
rNeg     . . .     Spirit   .   v - +0 plate armour
rPois    .         Reflect  .   (helmet restricted)
rElec    .         Harm     .   (no cloak)
rCorr    .         Rampage  .   g - +2 pair of gloves
Will     .....                  (no boots)
Stlth    ..........             (no amulet)
HPRegen  0.20/turn              (no ring)
MPRegen  0.10/turn              (no ring)

@: berserk cooldown, slowed, very slow
A: retaliatory headbutt, horns 2
a: Renounce Religion, Berserk, Trog's Hand, Brothers in Arms


You were on level 8 of the Dungeon.
You worshipped Trog.
Trog was greatly pleased with you.
You visited 2 branches of the dungeon, and saw 7 of its levels.

You collected 150 gold pieces.

Inventory:

Hand Weapons
 a - a +0 war axe of freezing (weapon)
Armour
 g - a +2 pair of gloves (worn)
 v - a +0 plate armour (worn)
Jewellery
 y - an uncursed ring of protection from fire {unknown}
Wands
 m - a wand of flame (3)
 r - a wand of polymorph (6)
 s - a wand of paralysis (9)
Scrolls
 b - 2 scrolls of remove curse {unknown}
 c - 3 scrolls of identify {unknown}
 e - 2 scrolls of immolation {unknown}
 f - 2 scrolls of noise {unknown}
 h - a scroll of fear {unknown}
 j - a scroll of amnesia {unknown}
 p - 3 scrolls of teleportation {unknown}
 q - a scroll of random uselessness {unknown}
 t - a scroll of enchant armour {unknown}
Potions
 d - 2 potions of ambrosia {unknown}
 i - 3 potions of curing
 k - 2 potions of degeneration {unknown}
 l - a potion of lignification {unknown}
 n - a potion of brilliance {unknown}
 o - a potion of flight {unknown}
 u - a potion of invisibility {unknown}
 w - a potion of heal wounds {unknown}
 x - a potion of attraction {unknown}


   Skills:
 - Level 3.6 Fighting
 * Level 13.7 Axes
 - Level 2.4 Armour
 - Level 2.1 Dodging


You had 7 spell levels left.
You didn't know any spells.
Your spell library was empty.

Dungeon Overview and Level Annotations

Branches:
Dungeon (5/15)             Temple (1/1) D:4

Altars:
Ashenzari
Cheibriados
Dithmenos
Elyvilon
Fedhas
Gozag
Hepliaklqana
Kikubaaqudgha
Makhleb
Nemelex Xobeh
Okawaru
Qazlal
Ru
Sif Muna
Trog
Uskayaw
Vehumet
Wu Jian
Xom
Yredelemnul
Zin


Innate Abilities, Weirdness & Mutations

You reflexively headbutt those who attack you in melee.
You have a pair of horns on your head.


Message History

A wyvern comes into view.
The yak snorts and paws the ground.
The wyvern bites you but does no damage.
The yak gores you.
You barely miss the wyvern. You slash the yak! You freeze the yak.
You feel sick.
You are no longer poisoned.
The wyvern barely misses you. The yak gores you!
* * * LOW HITPOINT WARNING * * *
The wyvern bites you!
* * * LOW HITPOINT WARNING * * *
Okay, then.
It was a potion of curing.
You feel better.
The wyvern bites you but does no damage.
The yak gores you.
* * * LOW HITPOINT WARNING * * *
The yak gores you.
* * * LOW HITPOINT WARNING * * *
The wyvern closely misses you. The yak gores you.
You die... ♣.. ......... ....P......#.# .... .P♣.....P #.# ... .....PP #.# ##..### /...[ #.# #..... lY.

#.# #...# #†#
#.# #...#
#?######.###...#
#.lYYY@l.......#
#####Y##.###..##
#.##.# #........
#.##.# #.######.
...#.# ###
.#...# #. .###
## ##


You could see 4 yaks, a wyvern and an iguana.

Vanquished Creatures
  A yak (D:8)
  A wyvern (D:8)
  The ghost of MummyDearest the Chopper, an amateur HOBe of Trog (D:4)
  A basilisk (D:8)
  4 water moccasins (D:8)
  An ice beast (D:5)
  An ogre (D:5)
  2 big kobolds (D:4)
  Blork the orc (D:4)
  2 scorpions (D:4)
  A howler monkey (D:5)
  A centaur zombie (D:5)
  A bullfrog zombie (D:5)
  A hound (D:4)
  Jessica (D:2)
  Terence (D:3)
  An orc wizard (D:4)
  Natasha (thrice) (D:2)
  4 adders
  3 gnolls (D:3)
  A white imp (D:5)
  An ooze (D:2)
  A worm (D:2)
  3 dart slugs
  4 leopard geckos
  15 orcs
  3 giant cockroaches
  14 hobgoblins
  4 jackals (D:2)
  3 quokkas
  6 bats
  6 frilled lizards
  7 goblins
  A jackal skeleton (D:5)
  14 kobolds
  20 rats
135 creatures vanquished.

Vanquished Creatures (others)
  A fungus (D:8)
  4 plants (D:8)
5 creatures vanquished.

Grand Total: 140 creatures vanquished

Notes
Turn   | Place    | Note
-------+----------+-------------------------------------------
     0 | D:1      | Zeld the Minotaur Berserker began the quest for the Orb.
     0 | D:1      | Reached XP level 1. HP: 19/19 MP: 0/0
    56 | D:1      | Reached skill level 4 in Axes
    69 | D:1      | Reached XP level 2. HP: 23/26 MP: 1/1
  1180 | D:1      | Reached skill level 5 in Axes
  1191 | D:1      | Reached ** piety under Trog
  1318 | D:2      | Noticed Jessica
  1322 | D:2      | Reached XP level 3. HP: 31/31 MP: 2/2
  1325 | D:2      | Killed Jessica
  1436 | D:2      | Reached skill level 6 in Axes
  1436 | D:2      | Reached XP level 4. HP: 34/39 MP: 3/3
  1647 | D:2      | Noticed Natasha
  1654 | D:2      | Killed Natasha
  1808 | D:2      | Noticed Natasha
  1814 | D:2      | Killed Natasha
  1894 | D:2      | Found a bloodstained altar of Trog.
  1903 | D:2      | Reached XP level 5. HP: 42/45 MP: 4/4
  1904 | D:2      | Reached skill level 7 in Axes
  1945 | D:2      | Noticed Natasha
  1952 | D:2      | Killed Natasha
  2044 | D:2      | Reached *** piety under Trog
  2815 | D:3      | Noticed Terence
  2825 | D:3      | Reached skill level 8 in Axes
  2844 | D:3      | Killed Terence
  2845 | D:3      | Reached XP level 6. HP: 36/51 MP: 5/5
  3314 | D:4      | Reached **** piety under Trog
  3372 | D:4      | Noticed MummyDearest's ghost (amateur HOBe)
  3372 | D:4      | Identified the +5 whip of Darkness {drain, *Noise rN+ Will+
                  | Int+3}
  3373 | D:4      | Found a runed translucent gate.
  3373 | D:4      | Found a runed translucent gate.
  3373 | D:4      | Found a runed translucent gate.
  3393 | D:4      | Reached skill level 9 in Axes
  3401 | D:4      | Killed MummyDearest's ghost
  3402 | D:4      | Reached XP level 7. HP: 41/57 MP: 6/6
  3678 | D:4      | Found a staircase to the Ecumenical Temple.
  3691 | Temple   | Entered the Ecumenical Temple
  4211 | D:4      | Noticed Blork the orc
  4238 | D:4      | Found a shimmering blue altar of Sif Muna.
  4246 | D:4      | Killed Blork the orc
  4247 | D:4      | Reached skill level 10 in Axes
  4704 | D:5      | Entered Level 5 of the Dungeon
  4929 | D:5      | Reached skill level 11 in Axes
  5145 | D:5      | Reached XP level 8. HP: 64/64 MP: 7/7
  5148 | D:5      | You fall into a shaft and drop 3 floors!
  5171 | D:8      | Reached skill level 12 in Axes
  5180 | D:8      | Reached skill level 13 in Axes
  5193 | D:8      | HP: 1/64 [wyvern (11)]
  5194 | D:8      | Slain by a yak

Illustrated notes

Levels and vault maps discovered:
D:1:      onia_arrival_mini_spirals, layout_basic, minmay_rat_gold_closets
D:2:      layout_rooms, trog_butcher_becter, uniq_natasha, uniq_jessica
D:3:      layout_rooms, uniq_terence
D:4:      layout_loops_cross, minmay_temple_entry_tees,
          gammafunk_ghost_nasty_kobolds, tgw_sif
D:5:      layout_rooms
D:8:      layout_loops_ring, marbit_many_paths, minmay_lair_entry_grove
Temple:   roderic_octagonal_lattice_temple

Skill      XL: |  1  2  3  4  5  6  7  8 |
---------------+-------------------------+-----
Axes           | 4 5 6 8 9 11 13 | 13.7
Fighting       | |  3.6
Armour         | |  2.4
Dodging        | |  2.1

Action                   |  1- 3 |  4- 6 |  7- 9 || total
-------------------------+-------+-------+-------++-------
Melee: Hand axe          |    71 |   132 |       ||   203
       Headbutt          |     6 |    27 |    14 ||    47
       War axe           |       |    17 |    94 ||   111
Invok: Berserk           |       |     2 |     1 ||     3
       Brothers in Arms  |       |       |     1 ||     1
Evoke: Wand              |       |       |     4 ||     4
  Use: Potion            |       |       |     1 ||     1
 Stab: Sleeping          |     3 |       |       ||     3
Armor: Skin              |     9 |    19 |     3 ||    31
       Plate armour      |       |       |    39 ||    39
Dodge: Dodged            |    48 |    87 |    36 ||   171
